 Dungeon Crawl Stone Soup version 0.19.0-24-gb05acd6 (webtiles) character file.

373 Kiel97 the Purveyor of Pain (level 6, -9/32 HPs)
             Began as a Deep Elf Necromancer on Nov 20, 2016.
             Was an Initiate of Kikubaaqudgha.
             Killed from afar by Blork the orc (10 damage)
             ... with a puff of flame
             ... on level 4 of the Dungeon.
             The game lasted 00:14:13 (5866 turns).

Kiel97 the Purveyor of Pain (Deep Elf Necromancer)  Turns: 5866, Time: 00:14:14

Health: -9/32      AC:  5    Str:  5    XL:     6   Next: 43%
Magic:  8/15       EV: 14    Int: 22    God:    Kikubaaqudgha [......]
Gold:   171        SH:  0    Dex: 13    Spells: 5 memorised, 1 level left

rFire  . . .     SeeInvis .     a - +0 dagger (pain)
rCold  . . .     Gourm    .     t - +0 robe
rNeg   . . .     Faith    .     (no shield)
rPois  .         Spirit   .     u - +0 helmet
rElec  .         Reflect  .     (no cloak)
rCorr  .         Harm     .     (no gloves)
MR     .....                    (no boots)
Stlth  ++++......               (no amulet)
                                (no ring)
                                i - ring of stealth

@: no status effects
A: claws 1, iridescent scales 1, clumsy 1
a: Renounce Religion


You were on level 4 of the Dungeon.
You worshipped Kikubaaqudgha.
Kikubaaqudgha was noncommittal.
You were not hungry.

You visited 1 branch of the dungeon, and saw 5 of its levels.

You collected 171 gold pieces.

Inventory:

Hand Weapons
 a - a +0 dagger of pain (weapon)
 b - a +1 whip of freezing
 h - a +3 flail of protection
Armour
 t - a +0 robe (worn)
 u - a +0 helmet (worn)
Jewellery
 i - a ring of stealth (left claw)
Wands
 e - a wand of digging (12/24)
 k - a wand of acid (6/15)
 y - a wand of acid (10/15)
Scrolls
 d - 3 scrolls of remove curse
 g - a scroll of amnesia
 j - a scroll of identify
 n - 2 scrolls of immolation
 p - a scroll of teleportation
Potions
 l - a potion of flight
 o - a potion of berserk rage
 q - 2 potions of curing
 A - a potion of lignification
Books
 s - a book of Necromancy

   Spells                             Type                      Level
   a - Pain                           Necromancy                   1
   b - Animate Skeleton               Necromancy                   1
   c - Vampiric Draining              Necromancy                   3
   d - Regeneration                   Charms/Necromancy            3
   e - Animate Dead                   Necromancy                   4
   f - Control Undead                 Necromancy                   4
Comestibles
 c - 5 bread rations
 B - 2 meat rations


   Skills:
 * Level 1.9 Short Blades
 + Level 4.1 Dodging
 - Level 4.2 Stealth
 - Level 4.7 Spellcasting
 + Level 6.8 Necromancy


You had one spell level left.
You knew the following spells:

 Your Spells              Type           Power        Failure   Level  Hunger
a - Pain                  Necr           ####         1%          1    None
b - Vampiric Draining     Necr           #####.....   1%          3    ##.....
c - Animate Dead          Necr           N/A          10%         4    ####...
d - Control Undead        Necr           #####.....   10%         4    ####...
z - Animate Skeleton      Necr           N/A          1%          1    None


Dungeon Overview and Level Annotations

Branches:
Dungeon (5/15)
 Temple: D:4-7

Altars:
Kikubaaqudgha
Okawaru
Trog
Uskayaw
Yredelemnul

Annotations:
D:4 Blork the orc


Innate Abilities, Weirdness & Mutations

You have sharp fingernails.
You are partially covered in iridescent scales. (AC +2)
You are clumsy. (Dex -2)


Message History

Blork the orc hits you from afar with a glaive of flaming.
* * * LOW HITPOINT WARNING * * *
Blork the orc burns you.
* * * LOW HITPOINT WARNING * * *
Casting: Pain
Confirm with . or Enter, or press ? or * to list all spells.
Aiming: Pain
Press: ? - help, Shift-Dir - straight line, f/p - Blork the orc
Aim: Blork the orc, wielding a glaive of flaming and wearing a robe (severely wounded, chance to defeat MR: 84%) Blork the orc writhes in agony!
Blork the orc misses you.
Casting: Pain
Confirm with . or Enter, or press ? or * to list all spells.
Okay, then.
Blork the orc mumbles some strange words.
Blork the orc seems to speed up.
There is an open door here.
Blork the orc points at you and mumbles some strange words.
The puff of flame hits you!
You die...
Kikubaaqudgha rasps: "You have failed me!
Welcome... death!"

...#.......#......#...........#..
...#.......#......#...........#..
...#.......#......#...........#..
...#.......#.....##....#####'##..
#######'####.....##....##.....#..
#..........................#..
#......##.....##...........###
#####'###.....##....##.....##.
#.......#....@##..o.##.....##.
#.......#......#.)........>.'.
#.......#......'o..........###
####.......#####'###..###.##..##<
...#####'#.........#..###.##..##.
......'..#.........#.......Z...#.
......#..+.........#.......o...#.
.....##..#.........#########..##.
.....##'##....#'##.........#####.


You could see Blork the orc.

Vanquished Creatures
  Edmund (D:4)
  A bullfrog skeleton (D:4)
  Ijyb (D:3)
  Natasha (thrice) (D:3)
  Terence (D:3)
  Robin (D:3)
  An ooze (D:2)
  7 worms
  A dart slug (D:2)
  6 leopard geckos
  2 orcs
  12 bats
  6 giant cockroaches
  16 goblins
  6 hobgoblins
  A quokka (D:2)
  A frilled lizard (D:2)
  5 kobolds
  14 rats
86 creatures vanquished.

Vanquished Creatures (collateral kills)
  A quokka (D:4)
  2 kobolds
3 creatures vanquished.

Grand Total: 89 creatures vanquished

Notes
Turn   | Place    | Note
-------+----------+-------------------------------------------
     0 | D:1      | Kiel97 the Deep Elf Necromancer began the quest for the Orb.
     0 | D:1      | Reached XP level 1. HP: 10/10 MP: 6/6
    32 | D:1      | Learned a level 1 spell: Animate Skeleton
   417 | D:1      | Reached skill level 5 in Necromancy
   557 | D:1      | Reached XP level 2. HP: 8/15 MP: 1/8
  1313 | D:2      | Reached XP level 3. HP: 19/19 MP: 7/9
  1383 | D:2      | Learned a level 3 spell: Vampiric Draining
  1449 | D:2      | Found an ancient bone altar of Kikubaaqudgha.
  2052 | D:2      | Found a hide-covered altar of Uskayaw.
  2474 | D:3      | Found an iron altar of Okawaru.
  2530 | D:3      | Reached XP level 4. HP: 23/24 MP: 8/11
  2533 | D:3      | Noticed Robin
  2719 | D:3      | Killed Robin
  2800 | D:3      | Learned a level 4 spell: Animate Dead
  2874 | D:3      | Found a basalt altar of Yredelemnul.
  2993 | D:2      | Became a worshipper of Kikubaaqudgha
  3101 | D:3      | Noticed Natasha
  3108 | D:3      | Killed Natasha
  3144 | D:3      | Noticed Natasha
  3156 | D:3      | Killed Natasha
  3156 | D:3      | Reached skill level 6 in Necromancy
  3156 | D:3      | Reached XP level 5. HP: 18/28 MP: 8/13
  3317 | D:3      | Noticed Natasha
  3324 | D:3      | Killed Natasha
  3488 | D:3      | Noticed Terence
  3498 | D:3      | Killed Terence
  3708 | D:3      | Noticed Ijyb
  3716 | D:3      | Killed Ijyb
  4241 | D:3      | Learned a level 4 spell: Control Undead
  4345 | D:4      | Noticed Edmund
  4357 | D:4      | Killed Edmund
  4357 | D:4      | Reached skill level 1 in Short Blades
  4357 | D:4      | Reached XP level 6. HP: 7/32 MP: 0/15
  4994 | D:4      | Found an iron altar of Okawaru.
  4995 | D:4      | Found a bloodstained altar of Trog.
  5023 | D:4      | Noticed Blork the orc
  5379 | D:5      | Entered Level 5 of the Dungeon
  5643 | D:5      | Noticed an orc warrior
  5755 | D:3      | Gained mutation: You are clumsy. (Dex -2) [potion of mutation]
  5755 | D:3      | Gained mutation: You are partially covered in iridescent scales. (AC +2) [potion of mutation]
  5755 | D:3      | Gained mutation: You have sharp fingernails. [potion of mutation]
  5862 | D:4      | HP: 1/32 [Blork the orc/glaive of flaming (1)]
  5866 | D:4      | Killed from afar by Blork the orc

Skill      XL: |  1  2  3  4  5 |
---------------+----------------+-----
Necromancy     | 5 6 |  6.8
Stealth        | 3 4 |  4.2
Dodging        | 3 4 |  4.1
Spellcasting   | 4 |  4.7
Short Blades   | 1 |  1.9

Action                   |  1- 3 |  4- 6 || total
-------------------------+-------+-------++-------
Melee: Short sword       |     2 |       ||     2
       Dagger            |       |     6 ||     6
 Cast: Pain              |    86 |   107 ||   193
       Animate Skeleton  |    15 |    13 ||    28
       Animate Dead      |       |     2 ||     2
       Vampiric Draining |       |     2 ||     2
       Control Undead    |       |     5 ||     5
  Use: Scroll            |     1 |    10 ||    11
       Potion            |       |     6 ||     6
  Eat: Chunk             |     5 |     4 ||     9
       Royal jelly       |       |     2 ||     2
       Fruit             |       |     2 ||     2
       Pizza             |       |     1 ||     1
Armor: Robe              |     5 |     5 ||    10
Dodge: Dodged            |     9 |    22 ||    31
